 Dungeon Crawl Stone Soup version 0.30.1-11-g7821555f0a (webtiles) character file.

Game seed: 10224612900038178889

1622223 Hi5aMiFi the Conqueror (level 26, 266/266 HPs)
             Began as a Minotaur Fighter on Jan 10, 2024.
             Was a High Priest of Okawaru.
             Escaped with the Orb
             ... and 3 runes on Jan 13, 2024!
             The game lasted 09:07:49 (74341 turns).

Hi5aMiFi the Conqueror (Minotaur Fighter)          Turns: 74341, Time: 09:07:50

Health: 266/266    AC: 43    Str: 31    XL:     26   Next: 61%
Magic:  47/47      EV: 13    Int: 10    God:    Okawaru [*****.]
Gold:   1209       SH: 31    Dex: 18    Spells: 25/25 levels left

rFire   + + .        P - +8 broad axe (spect)
rCold   + . .        A - +5 tower shield {rC+ rF+}
rNeg    + . .        t - +11 plate armour of Eternal Vigilance {+Blink rC- Regen+ MP+9}
rPois   +            J - +0 hat of Privacy {rElec Dex+5}
rElec   +            Z - +2 cloak {rCorr}
rCorr   +            C - +1 pair of gloves of Wisdom {Str+3 Dex+2}
SInv    +            r - +2 pair of slick slippers {slick, slippery, EV+4}
Will    ++...        p - amulet "Latt" {Faith SInv} Stlth
                     U - ring "Noufraxo" {rPois Will+ Int+4 Dex-5 SInv}
HPRegen 1.44/turn    N - ring of Teudgh {rF+ rC+ rN+}
MPRegen 0.30/turn

%: faith
@: studying 3 skills
A: horns 2, retaliatory headbutt, iridescent scales 1, agile 1
0: Orb of Zot
}: 3/15 runes: serpentine, barnacled, silver
a: Renounce Religion, Evoke Blink, Heroism, Finesse, Duel


You escaped.
You worshipped Okawaru.
Okawaru was extremely pleased with you.
You visited 11 branches of the dungeon, and saw 51 of its levels.
You also visited: Ice Cave.

You collected 10948 gold pieces.
You spent 9739 gold pieces at shops.

Inventory:

Hand Weapons
 v - the +8 trishula "Condemnation" {holy, anguish, *Noise Fly rN+}
   (You bought it in a shop on level 3 of the Snake Pit)

   rN:        It protects you from negative energy.
   Fly:       It grants you flight.
   *Noise:    It may make noises in combat.
 P - a +8 spectral broad axe (weapon)
Missiles
 l - 62 boomerangs (quivered)
 z - 7 throwing nets
 Q - 25 javelins
 V - 14 silver javelins
Armour
 g - the -1 hat "Jopuyts" {rElec Regen+ Str-5}
   (You found it on level 2 of the Realm of Zot)

   Str:       It affects your strength (-5).
   rElec:     It insulates you from electricity.
   Regen:     It increases your rate of health regeneration.
 o - the scarf of Ezibodwy {shadows, rElec}
   (Okawaru gifted it to you on level 1 of the Realm of Zot)

   rElec:     It insulates you from electricity.
 r - the +2 pair of slick slippers (worn) {slick, slippery, EV+4}
   (You found it on level 7 of the Dungeon)

   Slick:     Its wearer cannot be constricted, engulfed, netted or webbed.
   Slippery:  Its wearer slips away from damaging melee attacks, pulling the
   attacker onward.
   EV:        It affects your evasion (+4).
 t - the +11 plate armour of Eternal Vigilance (worn) {+Blink rC- Regen+ MP+9}
   (You found it on level 3 of the Elven Halls)

   rC:        It makes you vulnerable to cold.
   MP:        It affects your magic capacity (+9).
   +Blink:    It lets you blink.
   Regen:     It increases your rate of health regeneration.
 A - a +5 tower shield of resistance (worn)
 C - the +1 pair of gloves of Wisdom (worn) {Str+3 Dex+2}
   (Okawaru gifted it to you on level 4 of the Vaults)

   Str:       It affects your strength (+3).
   Dex:       It affects your dexterity (+2).
 H - the +0 hat of Gocag {rCorr Slay+2}
   (Okawaru gifted it to you on level 4 of the Snake Pit)

   Slay:      It affects your accuracy & damage with ranged weapons and melee
   (+2).
   rCorr:     It protects you from acid and corrosion.
 J - the +0 hat of Privacy (worn) {rElec Dex+5}
   (Okawaru gifted it to you in the Arena)

   Dex:       It affects your dexterity (+5).
   rElec:     It insulates you from electricity.
 M - the +15 Maxwell's patent armour {-Cast -Tele rElec Will+ rCorr}
   (You bought it in a shop on level 2 of the Orcish Mines)

   rElec:     It insulates you from electricity.
   -Cast:     It prevents spellcasting.
   -Tele:     It prevents most forms of teleportation.
   rCorr:     It protects you from acid and corrosion.
   Will:      It increases your willpower.
 Z - a +2 cloak of preservation (worn)
Jewellery
 e - a +6 ring of strength
 p - the amulet "Latt" (around neck) {Faith SInv}
   (You took it off a fire giant on level 1 of the Depths)

   [amulet of faith]

   It allows you to gain divine favour quickly.
   SInv:      It lets you see invisible.
 s - the ring of Loaps {Fly rN+ Dex+2}
   (You took it off a vampire on level 3 of the Crypt)

   [ring of positive energy]

   Dex:       It affects your dexterity (+2).
   rN:        It protects you from negative energy.
   Fly:       It grants you flight.
 w - a ring of willpower
 F - the ring of Gips {rPois Str+2 Int+3}
   (You acquired it on level 2 of the Lair of Beasts)

   [ring of poison resistance]

   Str:       It affects your strength (+2).
   Int:       It affects your intelligence (+3).
   rPois:     It protects you from poison.
 N - the ring of Teudgh (right hand) {rF+ rC+ rN+}
   (You took it off a vampire mage on level 3 of the Crypt)

   [ring of positive energy]

   rF:        It protects you from fire.
   rC:        It protects you from cold.
   rN:        It protects you from negative energy.
 U - the ring "Noufraxo" (left hand) {rPois Will+ Int+4 Dex-5 SInv}
   (You took it off a vault guard on level 5 of the Vaults)

   [ring of see invisible]

   Int:       It affects your intelligence (+4).
   Dex:       It affects your dexterity (-5).
   rPois:     It protects you from poison.
   SInv:      It lets you see invisible.
   Will:      It increases your willpower.
 X - the ring "Bememag" {*Slow rC+ Int+4 Slay+4}
   (You took it off a spriggan air mage on level 1 of the Depths)

   [ring of slaying]

   Int:       It affects your intelligence (+4).
   Slay:      It affects your accuracy & damage with ranged weapons and melee
   (+4).
   rC:        It protects you from cold.
   *Slow:     It may slow you when you take damage.
 Y - the ring of Vuokoesmi {rPois rF++ rC- rN+}
   (You found it on level 3 of the Lair of Beasts)

   [ring of poison resistance]

   rF:        It greatly protects you from fire.
   rC:        It makes you vulnerable to cold.
   rPois:     It protects you from poison.
   rN:        It protects you from negative energy.
Wands
 b - a wand of iceblast (66)
 c - a wand of polymorph (38)
 h - a wand of acid (27)
 x - a wand of digging (4)
Scrolls
 a - 20 scrolls of teleportation
 d - 5 scrolls of fear
 j - 7 scrolls of blinking
 y - 8 scrolls of vulnerability
 E - 8 scrolls of immolation
 I - 4 scrolls of silence
 K - 2 scrolls of magic mapping
 R - 6 scrolls of poison
 T - 5 scrolls of fog
Potions
 f - 10 potions of attraction
 i - 8 potions of lignification
 m - 7 potions of berserk rage
 n - 6 potions of haste
 q - 4 potions of mutation
 u - 6 potions of heal wounds
 D - 8 potions of curing
 G - 6 potions of might
 L - 6 potions of cancellation
 O - 4 potions of magic
 S - 3 potions of invisibility
 W - 3 potions of resistance
Miscellaneous
 B - a condenser vane


   Skills:
 O Level 27 Fighting
 - Level 16.0(18.6) Axes
 - Level 12.7(16.1) Maces & Flails
 - Level 9.6(14.0) Polearms
 - Level 16.0 Throwing
 - Level 25.0 Armour
 O Level 27 Shields
 + Level 25.0 Invocations
 - Level 10.0 Evocations


You had 25 spell levels left.
You didn't know any spells.
Your spell library contained the following spells:

 Spells                   Type           Power      Damage    Failure   Level
 Beastly Appendage        Tmut           0%         N/A       75%         1
 Freeze                   Ice            0%         1d3       75%         1
 Kiss of Death            Conj/Necr      0%         2d5       75%         1
 Magic Dart               Conj           0%         1d3       75%         1
 Necrotise                Necr           0%         1d4       75%         1
 Shock                    Conj/Air       0%         1d3       75%         1
 Blink                    Tloc           0%         N/A       86%         2
 Cigotuvi's Dreadful Rot  Necr/Pois/Air  0%         N/A       86%         2
 Ensorcelled Hibernation  Hex/Ice        0%         N/A       86%         2
 Lesser Beckoning         Tloc           0%         N/A       86%         2
 Momentum Strike          Conj/Tloc      0%         3d8       86%         2
 Passwall                 Tmut/Erth      0%         N/A       86%         2
 Poisonous Vapours        Pois/Air       0%         N/A       86%         2
 Scorch                   Fire           0%         2d5       86%         2
 Sublimation of Blood     Necr           0%         N/A       86%         2
 Wereblood                Tmut           0%         N/A       86%         2
 Confusing Touch          Hex            0%         N/A       98%         3
 Dazzling Flash           Conj/Hex       0%         N/A       98%         3
 Frozen Ramparts          Ice            0%         1d1       98%         3
 Gell's Gravitas          Tloc           0%         N/A       98%         3
 Hailstorm                Conj/Ice       0%         3d3       98%         3
 Ignite Poison            Fire/Tmut/Pois 0%         N/A       98%         3
 Inner Flame              Hex/Fire       0%         N/A       98%         3
 Mephitic Cloud           Conj/Pois/Air  0%         N/A       98%         3
 Ozocubu's Armour         Ice            0%         N/A       98%         3
 Portal Projectile        Hex/Tloc       0%         N/A       98%         3
 Spider Form              Tmut/Pois      0%         N/A       98%         3
 Stone Arrow              Conj/Erth      0%         3d7       98%         3
 Swiftness                Air            0%         N/A       98%         3
 Teleport Other           Tloc           0%         N/A       98%         3
 Vampiric Draining        Necr           0%         2d6       98%         3
 Volatile Blastmotes      Fire/Tloc      0%         2d10      98%         3
 Airstrike                Air            0%         2d(0-16)  100%        4
 Anguish                  Hex/Necr       0%         N/A       100%        4
 Cause Fear               Hex            0%         N/A       100%        4
 Dispel Undead            Necr           0%         3d6       100%        4
 Flame Wave               Conj/Fire      0%         2d4       100%        4
 Ice Form                 Ice/Tmut       0%         N/A       100%        4
 Iskenderun's Mystic Bla  Conj/Tloc      0%         2d3       100%        4
 Leda's Liquefaction      Hex/Erth       0%         N/A       100%        4
 Manifold Assault         Tloc           0%         N/A       100%        4
 Passage of Golubria      Tloc           0%         N/A       100%        4
 Sticky Flame             Conj/Fire      0%         2d3       100%        4
 Agony                    Necr           0%         N/A       100%        5
 Alistair's Intoxication  Tmut/Pois      0%         N/A       100%        5
 Blade Hands              Tmut           0%         N/A       100%        5
 Borgnjor's Vile Clutch   Necr/Erth      0%         N/A       100%        5
 Freezing Cloud           Conj/Ice/Air   0%         6-21      100%        5
 Iskenderun's Battlesphe  Conj           0%         2d6       100%        5
 Lee's Rapid Deconstruct  Erth           0%         3d4*      100%        5
 Metabolic Englaciation   Hex/Ice        0%         N/A       100%        5
 Silence                  Hex/Air        0%         N/A       100%        5
 Yara's Violent Unravell  Hex/Tmut       0%         3d3       100%        5
 Dispersal                Tloc           0%         N/A       100%        6
 Eringya's Noxious Bog    Tmut/Pois      0%         N/A       100%        6
 Starburst                Conj/Fire      0%         6d3       100%        6
 Statue Form              Tmut/Erth      0%         N/A       100%        6
 Enfeeble                 Hex            0%         N/A       100%        7
 Storm Form               Tmut/Air       0%         N/A       100%        7
 Lehudib's Crystal Spear  Conj/Erth      0%         10d2      100%        8
 Maxwell's Capacitive Co  Air            0%         ∞         100%        8
 Fire Storm               Conj/Fire      0%         5d1       100%        9
 Call Imp                 Summ           Unusable   N/A       N/A         2
 Tukima's Dance           Hex            Unusable   N/A       N/A         3
 Animate Armour           Summ/Erth      Unusable   N/A       N/A         4
 Summon Forest            Summ/Tloc      Unusable   N/A       N/A         5
 Simulacrum               Ice/Necr       Unusable   N/A       N/A         6
 Summon Cactus Giant      Summ           Unusable   N/A       N/A         6
 Summon Hydra             Summ           Unusable   N/A       N/A         7

Dungeon Overview and Level Annotations

Branches:
Dungeon (15/15)            Temple (1/1) D:4            Lair (5/5) D:8
 Shoals (4/4) Lair:2        Snake (4/4) Lair:3        Slime (0/5) Lair:5
    Orc (2/2) D:11            Elf (3/3) Orc:2        Vaults (5/5) D:14
  Crypt (3/3) Vaults:2       Tomb (0/3) Crypt:3      Depths (4/4) D:15
    Zot (5/5) Depths:4      IceCv (visited)

Altars:
Ashenzari
Cheibriados
Dithmenos
Elyvilon
Fedhas
Gozag
Hepliaklqana
Kikubaaqudgha
Makhleb
Nemelex Xobeh
Okawaru
Qazlal
Ru
Sif Muna
Trog
Uskayaw
Vehumet
Wu Jian
Xom
Yredelemnul
Zin
The Shining One
Jiyva

Shops:
Orc:2 *![[   Shoals:2 *   Shoals:3 *   Shoals:4 [   Snake:1 *   Snake:2 (
Snake:3 *(   Vaults:1 =   Vaults:2 =   Depths:1 *

Portals:
Hell: Depths:1 Depths:2 Depths:3 Depths:4
Abyss: Depths:2 Depths:3
Pandemonium: Depths:1 Depths:2
Ziggurat: Depths:1

Annotations:
Depths:1 3 runed translucent doors, Pikuto's ghost, adept MiBe; Xepac's ghost, veteran MiHu
Zot:1 2 transporters, Cyqimiab's ghost, legendary MfGl


Innate Abilities, Weirdness & Mutations

You have a pair of horns on your head.
You reflexively headbutt those who attack you in melee.
You are partially covered in iridescent scales. (AC +2)
You are agile. (Dex +4, Str/Int -1)


Message History

There is a stone staircase leading down here.
An Orb Guardian comes into view.
There is a stone staircase leading up here.
The Orb Guardian hits you but does no damage.
You climb upwards.
There is a stone staircase leading down here.
Unknown command.
Unknown command.
You feel yourself speed up.
Things that are here:
a +0 ring mail; a +0 club
There is a stone staircase leading up here.
You climb upwards.
There is a stone staircase leading down here.
There is a stone staircase leading up here.
You climb upwards.
There is a stone staircase leading down here.
Aiming: Dig
Press: ? - help, Shift-Dir - straight line A rock wall.
This square is covered in magical glow.
The rock shatters into small pieces.
Unknown command.
Unknown command.
There is a stone staircase leading up here.
Your extra speed is starting to run out.
You climb upwards.
There is a stone staircase leading down here.
Aiming: Dig
Press: ? - help, Shift-Dir - straight line This square is covered in magical glow.
The rock shatters into small pieces.
Blink to where?
Press: ? - help, Dir - move target
As you read the scroll of blinking, it crumbles to dust.
Blink to where?
Press: ? - help, Dir - move target
As you read the scroll of blinking, it crumbles to dust.
You feel yourself slow down.
You have escaped!

......#####.# #....#####.....##..
.####.# #.# #..#.# #.###.#.#.
#####.##########.#######.......##
................§......#.#.....#.
.......................#.#.......
...#####...####...##...#.#......#
...# #...# #...##...###.......
...# #...####........#.........
..)#####........@..>...###..#####
.......................#.>..# #
.............#######...###### #
.....#####...# #...# # ##...#
#...# #...########## #...# #...#
#...#)........
##...#####...#######...##########
.......................# #
.......................# #


There were no monsters in sight!

Vanquished Creatures
  5 orbs of fire (Zot:5)
  2 ancient liches
  A dread lich (Zot:5)
  A juggernaut (Depths:4)
  A pandemonium lord (Arena)
  Boris (twice) (Arena Crypt:3)
  3 Killer Klowns (Zot:5)
  Bai Suzhen (Depths:2)
  A shard shrike (Zot:2)
  Saint Roka (Vaults:5)
  9 caustic shrikes
  2 curse toes
  Jory (Crypt:3)
  Nikola (Elf:2)
  6 golden dragons
  A bone dragon (Depths:4)
  4 electric golems
  12 tentacled monstrosities
  Rupert (Lair:5)
  2 deep elf blademasters (Elf:3)
  Zenata (Vaults:1)
  25 Orb Guardians (Zot:5)
  A walking earthen tome (Depths:3)
  Mlioglotl (Shoals:1)
  6 titans
  A walking divine tome (Depths:3)
  6 quicksilver dragons
  A walking frostbound tome (Depths:3)
  7 liches
  An acid blob (Zot:2)
  4 ancient champions (Crypt:3)
  3 deep elf master archers
  2 krakens
  6 tengu reavers
  13 storm dragons
  6 sphinxes
  9 death cobs
  3 draconian monks
  9 shadow dragons
  11 fire giants
  3 revenants
  3 draconian knights
  6 nagarajas (Snake:4)
  A daeva (Depths:2)
  5 iron dragons
  Aizul (Vaults:1)
  A ghost moth (Zot:5)
  23 vault wardens
  13 frost giants
  3 deep elf sorcerers (Elf:3)
  A curse skull (Vaults:2)
  7 draconian shifters
  2 draconian stormcallers
  14 ironbound preservers
  3 draconian annihilators
  8 deep elf elementalists
  2 orc warlords
  8 spriggan defenders
  16 stone giants
  8 ironbound thunderhulks
  12 green draconians
  9 war gargoyles
  68 very ugly things
  7 deep elf demonologists
  16 vampire knights
  Azrael (D:15)
  5 deep elf annihilators
  9 black draconians
  13 dire elephants
  8 purple draconians
  11 white draconians
  6 red draconians
  A lorocyproca (Zot:3)
  14 yellow draconians
  10 spark wasps
  6 deep elf death magi
  2 green deaths
  An acid blob zombie (Crypt:1)
  3 merfolk javelineers (Shoals:4)
  11 fire dragons
  4 crystal guardians
  9 merfolk impalers
  A quicksilver dragon zombie (Crypt:3)
  12 yaktaur captains
  5 eidola
  15 jiangshi
  13 deep elf high priests
  7 great orbs of eyes
  14 ettins
  A great orb of eyes (shapeshifter) (Depths:3)
  A spriggan zombie (Crypt:3)
  A catoblepas (Lair:3)
  6 rakshasas
  35 vault guards
  Erolcha (D:9)
  Harold (D:11)
  8 spriggan air magi
  2 two-headed ogres
  3 hydras
  11 ice dragons
  3 merfolk aquamancers
  12 ironbound frosthearts
  4 salamander tyrants
  8 boulder beetles
  10 centaur warriors
  6 peacekeepers
  An ogre mage (Vaults:5)
  41 dancing weapons
  3 death knights
  5 anacondas
  4 merfolk avatars
  7 deep troll shamans
  An alligator snapping turtle (Shoals:3)
  5 tengu warriors
  17 naga warriors
  9 death yaks
  9 shock serpents
  10 vampire magi
  A satyr (Shoals:2)
  14 deep troll earth magi
  3 storm dragon zombies (Crypt:3)
  3 orc high priests (Orc:2)
  8 spriggan berserkers
  A sun demon (Depths:2)
  An emperor scorpion zombie (Crypt:3)
  7 naga sharpshooters
  19 deep elf knights
  2 soul eaters
  Urug (Lair:2)
  Amaemon (D:11)
  4 skysharks
  6 hell knights
  7 salamander mystics
  7 iron trolls
  A bunyip zombie (Crypt:3)
  A death drake (shapeshifter) (Vaults:2)
  2 sixfirhies
  21 skeletal warriors
  9 sea snakes
  A golden dragon zombie (Crypt:3)
  31 deep trolls
  A sea snake (shapeshifter) (Depths:3)
  An orb spider (shapeshifter) (Depths:1)
  A cherub (D:15)
  4 glowing orange brains
  7 naga ritualists
  A shadow demon (Depths:1)
  A golden dragon skeleton (Crypt:2)
  5 flayed ghosts
  30 harpies
  6 orc knights
  10 ironbound convokers
  3 necromancers
  30 deep elf pyromancers
  12 phantasmal warriors
  19 lindwurms
  A fenstrider witch simulacrum (Crypt:2)
  7 deep elf archers
  23 deep elf zephyrmancers
  12 mana vipers
  A goliath frog zombie (Crypt:3)
  The ghost of middlethird the Grappler, a novice VSTm of Cheibriados (D:7)
  47 ugly things
  10 wizards
  5 orc sorcerers
  3 oklob plants
  10 manticores
  8 fauns
  8 cyclopes
  6 merfolk sirens
  26 salamanders
  13 elephants
  2 stone giant zombies
  17 moths of wrath
  3 ice statues (IceCv)
  5 rust devils
  A centaur zombie (Crypt:3)
  A dire elephant zombie (Crypt:3)
  5 torpor snails (Lair:5)
  10 guardian serpents
  An elephant (shapeshifter) (D:14)
  7 water nymphs
  28 black mambas
  19 vault sentinels
  A smoke demon (D:15)
  An orange demon (D:11)
  A stone giant skeleton (Crypt:2)
  8 cane toads
  16 naga magi
  A gargoyle (D:13)
  2 catoblepas zombies
  An efreet (D:15)
  4 rime drakes
  3 unseen horrors
  A yaktaur (shapeshifter) (D:14)
  16 yaktaurs
  A swamp worm zombie (Crypt:3)
  A rime drake (shapeshifter) (D:14)
  Maggie (D:8)
  A kobold demonologist (D:11)
  6 komodo dragons
  4 freezing wraiths
  A red devil (Depths:2)
  A harpy zombie (Crypt:2)
  5 trolls
  An anaconda simulacrum (IceCv)
  A catoblepas skeleton (Crypt:3)
  4 tengu conjurers
  3 ice devils
  A meliai (shapeshifter) (D:15)
  6 hornets (Lair:5)
  A wind drake (shapeshifter) (D:15)
  10 wind drakes
  A death yak skeleton (Crypt:1)
  24 merfolk
  A hydra zombie (Crypt:3)
  2 hellwings (Depths:2)
  13 blink frogs
  3 tyrant leeches (Lair:5)
  Grinder (D:6)
  2 polar bears
  A tarantella (shapeshifter) (Depths:1)
  A death drake skeleton (Crypt:2)
  8 snapping turtles
  3 dream sheep (Shoals:2)
  A jumping spider (shapeshifter) (D:14)
  Sigmund (D:7)
  25 slime creatures
  An ettin zombie (Crypt:3)
  19 vampires (Crypt:3)
  9 water elementals
  3 flying skulls
  2 ynoxinuls
  43 yaks
  A culicivora (shapeshifter) (D:12)
  A dire elephant simulacrum (IceCv)
  2 shadows
  7 wraiths
  2 wyverns
  A guardian serpent skeleton (Crypt:3)
  4 basilisks
  A black mamba skeleton (Crypt:2)
  5 fire elementals
  A fire bat (Depths:2)
  4 vampire mosquitoes (D:10)
  A steam dragon (D:10)
  A death yak simulacrum (IceCv)
  A swamp worm (shapeshifter) (D:14)
  3 wargs
  31 water moccasins
  61 nagas
  3 acid dragons
  2 hell hounds (D:15)
  The ghost of bitcoinman the Conjurer, an amateur DECj (D:3)
  A hydra simulacrum (IceCv)
  24 orc warriors
  2 floating eyes (Depths:3)
  A black bear (D:6)
  6 ice beasts
  3 sky beasts
  A hornet zombie (Crypt:1)
  10 ogres
  3 wolves (Lair:2)
  11 centaurs
  2 phantoms
  6 kobold brigands
  7 bullfrogs
  7 gnoll sergeants
  A salamander skeleton (Crypt:1)
  A scorpion (D:5)
  A komodo dragon skeleton (Crypt:1)
  An earth elemental (Elf:1)
  8 wights
  22 killer bees
  A warg skeleton (Crypt:2)
  An elephant simulacrum (IceCv)
  A spriggan skeleton (Crypt:3)
  A polar bear skeleton (Crypt:1)
  An electric eel (D:8)
  A troll skeleton (Crypt:1)
  6 howler monkeys
  A quasit (D:10)
  17 orc priests
  3 hounds
  2 jellies
  A gnoll bouda (D:5)
  3 iguanas
  A sleepcap (D:5)
  A basilisk skeleton (Crypt:2)
  25 orc wizards
  Natasha (thrice) (D:3)
  A boggart skeleton (Crypt:2)
  4 wolf simulacra (IceCv)
  An ogre zombie (Crypt:3)
  An ice beast zombie (Crypt:2)
  A naga skeleton (Crypt:1)
  Robin (D:3)
  6 adders
  30 gnolls
  13 white imps
  3 worms
  4 dart slugs
  65 orcs
  6 bats
  A bat zombie (Crypt:3)
  9 endoplasms
  2 giant cockroaches (D:1)
  14 goblins
  17 hobgoblins
  16 kobolds
  6 quokkas
  8 ball pythons
  6 rats
  A river rat skeleton (Crypt:2)
  A spectral goblin (D:9)
  A spectral weapon (Depths:2)
  8 tentacles
2194 creatures vanquished.

Vanquished Creatures (others)
  A draconian stormcaller (Depths:4)
  2 skeletal warriors
  A flayed ghost (Crypt:3)
  A phantasmal warrior (Vaults:2)
  A deep elf zephyrmancer (Elf:1)
  A deep elf pyromancer (Elf:1)
  A vampire (Crypt:3)
  A fire bat (Depths:2)
  95 spectral weapons
  10 tentacles (Shoals:3)
114 creatures vanquished.

Grand Total: 2308 creatures vanquished

Notes
Turn   | Place    | Note
-------+----------+-------------------------------------------
     0 | D:1      | Hi5aMiFi the Minotaur Fighter began the quest for the Orb.
     0 | D:1      | Reached XP level 1. HP: 19/19 MP: 0/0
   191 | D:1      | Reached XP level 2. HP: 27/27 MP: 1/1
   767 | D:1      | You fall into a shaft and drop 1 floor!
   815 | D:2      | Reached XP level 3. HP: 35/35 MP: 2/2
  1045 | D:1      | Reached skill level 5 in Fighting
  1443 | D:2      | Identified the +4 scale mail "Poutiocol" {rElec}
  1678 | D:3      | Reached XP level 4. HP: 40/42 MP: 3/3
  1916 | D:3      | Reached skill level 5 in Armour
  2008 | D:3      | Noticed Robin
  2038 | D:3      | Killed Robin
  2050 | D:3      | Noticed a sky beast
  2170 | D:3      | Noticed Natasha
  2182 | D:3      | Killed Natasha
  2183 | D:3      | Reached XP level 5. HP: 43/50 MP: 4/4
  2226 | D:3      | Found a runed translucent door.
  2226 | D:3      | Noticed bitcoinman's ghost (amateur DECj)
  3020 | D:5      | Entered Level 5 of the Dungeon
  3144 | D:5      | Reached XP level 6. HP: 57/57 MP: 5/5
  3219 | D:6      | Noticed Grinder
  3422 | D:3      | Noticed Natasha
  3462 | D:3      | Killed Natasha
  3468 | D:3      | Noticed Natasha
  3491 | D:3      | Killed Natasha
  3548 | D:3      | Killed bitcoinman's ghost
  3660 | D:4      | Found a staircase to the Ecumenical Temple.
  3667 | Temple   | Entered the Ecumenical Temple
  3845 | Temple   | Became a worshipper of Warmaster Okawaru
  4042 | D:5      | Noticed an ice beast
  4232 | D:6      | Reached XP level 7. HP: 64/64 MP: 6/6
  4296 | D:6      | Reached skill level 1 in Invocations
  4498 | D:7      | Noticed Sigmund
  4811 | D:7      | Noticed a yak
  4812 | D:7      | Noticed a yak
  4818 | D:7      | Gained mutation: Armour fits poorly on your strangely
                  | shaped body. [potion of mutation]
  4818 | D:7      | Gained mutation: You have very sharp teeth. [potion of
                  | mutation]
  4818 | D:7      | Gained mutation: You are agile. (Dex +4, Str/Int -1)
                  | [potion of mutation]
  4822 | D:7      | Noticed a yak
  5098 | D:6      | Reached * piety under Okawaru
  5192 | D:6      | Reached XP level 8. HP: 66/73 MP: 8/8
  5402 | D:5      | Found an ancient bone altar of Kikubaaqudgha.
  5420 | D:5      | Found a hide-covered altar of Uskayaw.
  5483 | D:5      | Reached skill level 1 in Axes
  6189 | D:6      | Reached skill level 1 in Maces & Flails
  6335 | D:7      | Reached XP level 9. HP: 80/81 MP: 10/10
  6338 | D:7      | Reached skill level 5 in Shields
  6568 | D:7      | Noticed a moth of wrath
  6569 | D:7      | Noticed middlethird's ghost (novice VSTm)
  6631 | D:7      | Found a transporter.
  6758 | D:7      | Found a transporter.
  6761 | D:7      | Found the +2 pair of slick slippers {slick, slippery, EV+4}
  6852 | D:7      | Killed Sigmund
  6934 | D:8      | Reached skill level 5 in Maces & Flails
  7034 | D:8      | Noticed Maggie
  7254 | D:8      | Reached ** piety under Okawaru
  7687 | D:9      | Noticed Erolcha
  7731 | D:8      | Noticed a polar bear
  7743 | D:8      | Killed a polar bear
  7797 | D:8      | Found a staircase to the Lair.
  7806 | Lair:1   | Entered Level 1 of the Lair of Beasts
  7865 | Lair:1   | Noticed a black mamba
  7882 | Lair:1   | Killed a black mamba
  7883 | Lair:1   | Reached XP level 10. HP: 72/88 MP: 12/12
  8023 | Lair:1   | Reached *** piety under Okawaru
  8404 | Lair:1   | Noticed an elephant
  8404 | Lair:1   | Noticed an elephant
  8404 | Lair:1   | Noticed an elephant
  8445 | Lair:1   | Killed an elephant
  8446 | Lair:1   | Reached skill level 1 in Throwing
  8453 | Lair:1   | Killed an elephant
  8462 | Lair:1   | Killed an elephant
  8497 | Lair:1   | Reached skill level 5 in Invocations
  8510 | Lair:1   | Noticed a black mamba
  8678 | Lair:1   | Noticed a cane toad
  8678 | Lair:1   | Noticed a boulder beetle
  8695 | Lair:1   | Killed a cane toad
  8696 | Lair:1   | Reached skill level 10 in Shields
  8711 | Lair:1   | Identified the +0 ring mail of Ashenzari's Regard {Int+4}
  8777 | Lair:1   | Noticed a cane toad
  8790 | Lair:1   | Killed a cane toad
  8809 | Lair:1   | Killed a boulder beetle
  8809 | Lair:1   | Reached **** piety under Okawaru
  8947 | Lair:1   | Killed a black mamba
  8948 | Lair:1   | Reached XP level 11. HP: 93/95 MP: 13/13
  9106 | Lair:2   | Noticed Urug
  9106 | Lair:2   | Noticed a catoblepas
  9175 | Lair:2   | Noticed a death yak
  9175 | Lair:2   | Noticed a death yak
  9223 | Lair:3   | Reached skill level 10 in Maces & Flails
  9243 | Lair:3   | Received a gift from Okawaru
  9291 | Lair:3   | Found a staircase to the Snake Pit.
  9316 | Lair:3   | Noticed a skyshark
  9345 | Lair:3   | Killed a skyshark
  9392 | Lair:3   | Reached skill level 10 in Fighting
  9516 | Lair:3   | Reached ***** piety under Okawaru
  9549 | Lair:3   | Killed a catoblepas
  9566 | Lair:2   | Killed Urug
  9566 | Lair:2   | Received a gift from Okawaru
  9617 | Lair:2   | Found a staircase to the Shoals.
  9629 | Lair:2   | Noticed a death yak
  9766 | Lair:2   | Found a frozen archway.
  9792 | Lair:2   | Received a gift from Okawaru
  9800 | Lair:2   | Reached XP level 12. HP: 98/106 MP: 14/17
  9819 | IceCv    | Entered an ice cave
 10182 | IceCv    | Identified the +1 ring mail of Agnosticism {rCorr Str+7
                  | Stlth-}
 10259 | IceCv    | Lost mutation: You have very sharp teeth. [potion of
                  | mutation]
 10259 | IceCv    | Lost mutation: Armour fits poorly on your strangely shaped
                  | body. [potion of mutation]
 10259 | IceCv    | Lost mutation: You are agile. (Dex +4, Str/Int -1) [potion
                  | of mutation]
 10259 | IceCv    | Gained mutation: You are partially covered in iridescent
                  | scales. (AC +2) [potion of mutation]
 10259 | IceCv    | Gained mutation: You are occasionally teleported next to
                  | monsters. [potion of mutation]
 10260 | IceCv    | Lost mutation: You are occasionally teleported next to
                  | monsters. [potion of mutation]
 10260 | IceCv    | Lost mutation: You are partially covered in iridescent
                  | scales. (AC +2) [potion of mutation]
 10260 | IceCv    | Gained mutation: Your mind is acute. (Int +4, Str/Dex -1)
                  | [potion of mutation]
 10260 | IceCv    | Gained mutation: You are partially covered in iridescent
                  | scales. (AC +2) [potion of mutation]
 10260 | IceCv    | Gained mutation: You sometimes lose your temper in combat.
                  | [potion of mutation]
 10260 | IceCv    | Gained mutation: You are mostly covered in iridescent
                  | scales. (AC +4) [potion of mutation]
 10295 | Lair:2   | Killed a death yak
 10301 | Lair:2   | Killed a death yak
 10302 | Lair:2   | Reached skill level 5 in Axes
 10302 | Lair:2   | Reached skill level 10 in Armour
 10307 | Lair:2   | Killed a death yak
 10395 | Lair:2   | Identified 2 scrolls of acquirement
 10521 | Lair:2   | Acquired a ring of protection from fire
 10523 | Lair:2   | Acquired the ring of Gips {rPois Str+2 Int+3}
 10773 | Lair:2   | Found a white marble altar of Elyvilon.
 11815 | Lair:2   | Reached skill level 10 in Invocations
 11869 | Lair:3   | Identified the ring of Vuokoesmi {rPois rF++ rC- rN+}
 12212 | Lair:4   | Noticed a six-headed hydra
 12227 | Lair:4   | Killed a six-headed hydra
 12562 | Lair:4   | Reached XP level 13. HP: 94/114 MP: 17/19
 13305 | Lair:5   | Entered Level 5 of the Lair of Beasts
 13305 | Lair:5   | Noticed Rupert
 13498 | D:8      | Killed Maggie
 14070 | D:6      | Killed Grinder
 16467 | D:10     | Entered Level 10 of the Dungeon
 16493 | D:10     | Received a gift from Okawaru
 17158 | D:10     | Found a broken altar of Ashenzari.
 17491 | D:11     | Found a staircase to the Orcish Mines.
 17703 | D:11     | Noticed Amaemon
 17717 | D:11     | Noticed Harold
 17896 | D:11     | Killed Amaemon
 18047 | D:11     | Killed Harold
 18124 | D:11     | Received a gift from Okawaru
 18344 | D:11     | Reached skill level 10 in Axes
 18707 | D:12     | Found a hide-covered altar of Uskayaw.
 18729 | D:12     | Received a gift from Okawaru
 19855 | D:13     | Reached XP level 14. HP: 112/127 MP: 17/21
 20415 | D:14     | Identified the +10 mace "Gram" {drain, Will+ Int+8}
 20445 | D:14     | Found a sacrificial altar of Ru.
 20577 | D:14     | Received a gift from Okawaru
 20628 | D:14     | Reached ****** piety under Okawaru
 20728 | D:14     | Found a gate to the Vaults.
 20838 | D:14     | Received a gift from Okawaru
 20844 | Arena    | Entered the Arena
 21121 | D:14     | Found a stormy altar of Qazlal.
 21394 | Orc:1    | Entered Level 1 of the Orcish Mines
 21395 | Arena    | Entered the Arena
 21397 | Arena    | Identified the +0 hat of Privacy {rElec Dex+5} (Okawaru
                  | gifted it to you in the Arena)
 21397 | Arena    | Received a gift from Okawaru
 21413 | Arena    | Entered the Arena
 21761 | Orc:2    | Entered Level 2 of the Orcish Mines
 22055 | Orc:2    | Found a staircase to the Elven Halls.
 22849 | Orc:2    | Found Gulir's General Store.
 22849 | Orc:2    | Found Xuybluap's Antique Armour Boutique.
 22851 | Orc:2    | Found Leneokio's Distillery.
 22851 | Orc:2    | Found Iguejih's Antique Armour Boutique.
 22867 | Orc:2    | Bought a potion of curing for 39 gold pieces
 22867 | Orc:2    | Bought a potion of heal wounds for 65 gold pieces
 22867 | Orc:2    | Bought a potion of haste for 130 gold pieces
 23118 | Snake:1  | Entered Level 1 of the Snake Pit
 23235 | Snake:1  | Found Zetead's Assorted Antiques.
 23263 | Snake:1  | Bought a scroll of identify for 54 gold pieces
 23265 | Snake:1  | Bought a scroll of blinking for 202 gold pieces
 23845 | Snake:1  | Received a gift from Okawaru
 23984 | Snake:1  | Reached XP level 15. HP: 110/138 MP: 17/23
 24769 | Snake:2  | Found Wydoatt's Antique Weapon Boutique.
 24957 | Snake:2  | Got the Essays on Topological Hail
 25522 | Snake:2  | Received a gift from Okawaru
 25676 | Snake:2  | Reached skill level 5 in Throwing
 25791 | Snake:2  | Acquired 842 gold pieces
 26409 | Snake:3  | Received a gift from Okawaru
 26983 | Snake:3  | Found Zempayll's Weapon Shop.
 26983 | Snake:3  | Found Caocisoa's Assorted Antiques.
 27023 | Snake:3  | Received a gift from Okawaru
 27485 | Snake:4  | Entered Level 4 of the Snake Pit
 27988 | Snake:4  | Reached skill level 15 in Fighting
 28012 | Snake:4  | Noticed a nagaraja
 28026 | Snake:4  | Killed a nagaraja
 28275 | Snake:4  | Reached XP level 16. HP: 145/149 MP: 22/24
 29243 | Snake:4  | Reached skill level 15 in Axes
 29302 | Snake:4  | Received a gift from Okawaru
 29339 | Snake:4  | Identified the +0 hat of Gocag {rCorr Slay+2} (Okawaru
                  | gifted it to you on level 4 of the Snake Pit)
 29339 | Snake:4  | Received a gift from Okawaru
 29875 | Snake:4  | Reached skill level 15 in Shields
 29885 | Snake:4  | Got a serpentine rune of Zot
 30304 | Shoals:1 | Entered Level 1 of the Shoals
 30624 | Shoals:1 | Noticed Mlioglotl
 30631 | Shoals:1 | Killed Mlioglotl
 30632 | Shoals:1 | Reached skill level 1 in Evocations
 31123 | Shoals:2 | Noticed a kraken
 31133 | Shoals:2 | Killed a kraken
 31134 | Shoals:2 | Reached skill level 15 in Armour
 31276 | Shoals:2 | Found Necuiveh's Overcharged Wands.
 31323 | Shoals:2 | You fall into a shaft and drop 1 floor!
 31487 | Shoals:3 | Found Bavudghag's Mass Market.
 31679 | Arena    | Entered the Arena
 31834 | Shoals:2 | Reached XP level 17. HP: 144/156 MP: 22/26
 32578 | Shoals:3 | Received a gift from Okawaru
 32745 | Shoals:3 | Noticed a kraken
 32764 | Shoals:3 | Killed a kraken
 32976 | Shoals:3 | Received a gift from Okawaru
 33074 | Shoals:3 | Found a bloodstained altar of Trog.
 33262 | Shoals:4 | Entered Level 4 of the Shoals
 33411 | Shoals:4 | Identified the +0 chain mail of Unambiguity {rN+}
 33442 | Shoals:4 | Reached skill level 15 in Invocations
 33901 | Arena    | Entered the Arena
 33962 | Shoals:4 | Got a barnacled rune of Zot
 34119 | Shoals:4 | Found Fuehetai's Armour Emporium.
 34199 | Shoals:4 | Identified the +8 chain mail of Okawaru's Delight {rPois
                  | rC+ Str+2} (Okawaru gifted it to you on level 4 of the
                  | Shoals)
 34199 | Shoals:4 | Received a gift from Okawaru
 34589 | Shoals:4 | Identified the +1 short sword of Victory {heavy, Int+2}
 34834 | D:7      | Killed middlethird's ghost
 35045 | Vaults:1 | Entered Level 1 of the Vaults
 35056 | Vaults:1 | Found Diusumpo's Jewellery Shop.
 35075 | Arena    | Entered the Arena
 35276 | Vaults:1 | Noticed Aizul
 35303 | Vaults:1 | Killed Aizul
 36003 | Vaults:1 | Noticed Zenata
 36020 | Vaults:1 | Killed Zenata
 36071 | Vaults:1 | Reached XP level 18. HP: 99/166 MP: 17/28
 36901 | Vaults:1 | Identified the staff of death "Fowoehit" {rElec rPois rF+
                  | rN+ Stlth+}
 37222 | Vaults:1 | Received a gift from Okawaru
 37466 | Vaults:2 | Reached skill level 10 in Throwing
 37506 | Vaults:1 | Lost mutation: You are mostly covered in iridescent scales.
                  | (AC +4) [potion of mutation]
 37506 | Vaults:1 | Lost mutation: Your mind is acute. (Int +4, Str/Dex -1)
                  | [potion of mutation]
 37506 | Vaults:1 | Lost mutation: You sometimes lose your temper in combat.
                  | [potion of mutation]
 37506 | Vaults:1 | Gained mutation: You are agile. (Dex +4, Str/Int -1)
                  | [potion of mutation]
 38057 | Vaults:2 | Received a gift from Okawaru
 38275 | Vaults:3 | Received a gift from Okawaru
 38672 | Vaults:3 | Received a gift from Okawaru
 39633 | Vaults:2 | Reached XP level 19. HP: 171/178 MP: 28/30
 39924 | Vaults:2 | Identified the +6 war axe "Byck" {chaos, SInv} (Okawaru
                  | gifted it to you on level 2 of the Vaults)
 39924 | Vaults:2 | Received a gift from Okawaru
 39938 | Vaults:2 | Found Wiorph's Jewellery Emporium.
 40148 | Orc:2    | Bought the +15 Maxwell's patent armour {-Cast -Tele rElec
                  | Will+ rCorr} for 3298 gold pieces
 40148 | Orc:2    | Found the +15 Maxwell's patent armour {-Cast -Tele rElec
                  | Will+ rCorr}
 40334 | Vaults:2 | Found a staircase to the Crypt.
 40658 | Vaults:2 | Identified the amulet of Hiskum {Spirit rN++ Str-2 Dex+7}
 41126 | Vaults:4 | Received a gift from Okawaru
 41306 | Vaults:4 | Identified the +1 pair of gloves of Wisdom {Str+3 Dex+2}
                  | (Okawaru gifted it to you on level 4 of the Vaults)
 41306 | Vaults:4 | Received a gift from Okawaru
 42330 | Shoals:4 | Bought a +2 hat of see invisible for 231 gold pieces
 43861 | D:15     | Entered Level 15 of the Dungeon
 43940 | D:15     | Noticed Azrael
 43949 | D:15     | Killed Azrael
 44076 | D:15     | Identified the +5 plate armour of Greed {rN+} (Okawaru
                  | gifted it to you on level 15 of the Dungeon)
 44076 | D:15     | Received a gift from Okawaru
 44526 | D:15     | Reached XP level 20. HP: 191/191 MP: 33/33
 44539 | D:15     | Found a staircase to the Depths.
 44688 | D:15     | Identified the +3 scale mail of Eternal Night {+Blink}
 45195 | D:9      | Killed Erolcha
 45764 | D:9      | Found a hazy altar of Hepliaklqana.
 46391 | Elf:1    | Entered Level 1 of the Elven Halls
 47184 | Elf:1    | Got the Tome of Lightning and Modification
 48132 | Elf:2    | Received a gift from Okawaru
 48239 | Elf:2    | Found a runed translucent gate.
 48242 | Elf:2    | Found a runed translucent gate.
 48242 | Elf:2    | Found a runed translucent gate.
 48388 | Elf:2    | Noticed Nikola
 48397 | Elf:2    | Killed Nikola
 48479 | Elf:2    | Received a gift from Okawaru
 48898 | Elf:3    | Entered Level 3 of the Elven Halls
 49022 | Elf:3    | Identified the +11 plate armour of Eternal Vigilance
                  | {+Blink rC- Regen+ MP+9}
 50124 | Elf:3    | Received a gift from Okawaru
 50168 | Arena    | Entered the Arena
 50187 | Elf:3    | Identified the +2 long sword of Wis Otav {heavy, rC+}
 50187 | Elf:3    | Identified the ring of Anulueh {rPois MP+9 Str+6 Slay-4
                  | Stlth+}
 50195 | Elf:3    | Identified the ring "Ryadae" {rF+ Str+2 Dex+6}
 50212 | Elf:3    | Reached XP level 21. HP: 165/201 MP: 34/34
 50224 | Arena    | Entered the Arena
 50260 | Arena    | Entered the Arena
 50532 | Arena    | Entered the Arena
 50538 | Arena    | Acquired 562 gold pieces
 50633 | Arena    | Entered the Arena
 50708 | Elf:3    | Got Vehumet's Octavo of the Smouldering Impact
 50719 | Elf:3    | Identified the staff of air "Feoleboniz" {rElec Will+}
 50735 | Elf:3    | Identified the staff of poison "Beicwets" {rPois rC+ MP+9
                  | Dex+3}
 50771 | Elf:3    | Got the Atlas of Rime and Arcane Weapons
 51162 | Lair:5   | Received a gift from Okawaru
 51417 | Lair:5   | Found a runed translucent door.
 51750 | Lair:5   | Received a gift from Okawaru
 51939 | Lair:5   | Killed Rupert
 52044 | Lair:5   | Found a staircase to the Slime Pits.
 52044 | Lair:5   | Found a viscous altar of Jiyva.
 52287 | Orc:2    | Bought a potion of curing for 48 gold pieces
 52521 | Snake:1  | Bought a potion of curing for 81 gold pieces
 52521 | Snake:1  | Bought a potion of might for 108 gold pieces
 52521 | Snake:1  | Bought 2 potions of curing for 162 gold pieces
 52757 | Orc:2    | Bought a potion of ambrosia for 104 gold pieces
 53039 | Snake:3  | Bought 2 potions of haste for 780 gold pieces
 53345 | Depths:1 | Entered Level 1 of the Depths
 53420 | Depths:1 | Received a gift from Okawaru
 53591 | Depths:1 | Found a runed translucent gate.
 53591 | Depths:1 | Found a runed translucent gate.
 53591 | Depths:1 | Found an ancient bone altar of Kikubaaqudgha.
 53592 | Depths:1 | Found a runed translucent gate.
 53592 | Depths:1 | Noticed a dread lich
 53592 | Depths:1 | Noticed Pikuto's ghost (adept MiBe)
 53592 | Depths:1 | Noticed a dread lich
 53593 | Depths:1 | Noticed Xepac's ghost (veteran MiHu)
 53593 | Depths:1 | Noticed an ancient lich
 53616 | Depths:1 | Found an ancient bone altar of Kikubaaqudgha.
 53664 | Depths:1 | Found a bloodstained altar of Trog.
 53711 | Depths:1 | Found a gateway to Hell.
 53863 | Depths:1 | Found a one-way gateway to a ziggurat.
 53897 | Depths:1 | Identified the +11 shadow dragon scales of Wul Amor {rPois
                  | rN++ Will- rCorr Stlth++++} (Okawaru gifted it to you on
                  | level 1 of the Depths)
 53897 | Depths:1 | Received a gift from Okawaru
 54114 | Depths:1 | Found a one-way gate leading to the halls of Pandemonium.
 54215 | Depths:1 | Found Woalanetwe's General Store.
 55490 | Depths:1 | Identified the ring of Orphor {MP+9 Int+3}
 55500 | Depths:1 | Identified the amulet "Latt" {Faith SInv}
 55500 | Depths:1 | Identified the ring of Xoemaiph {Wiz *Corrode rPois Str+3}
 55523 | Depths:1 | Identified the ring "Bememag" {*Slow rC+ Int+4 Slay+4}
 55813 | Depths:1 | Reached XP level 22. HP: 156/224 MP: 35/35
 56162 | Depths:2 | Received a gift from Okawaru
 57013 | Depths:2 | Found a one-way gate to the infinite horrors of the Abyss.
 57083 | Depths:2 | Received a gift from Okawaru
 57230 | Depths:2 | Found a glowing golden altar of the Shining One.
 57372 | Depths:2 | Noticed Bai Suzhen
 57391 | Depths:2 | Killed Bai Suzhen
 57443 | Depths:2 | Found Fetsop's Vocational Training.
 58442 | Depths:3 | Noticed a golden dragon
 58448 | Depths:3 | Killed a golden dragon
 58513 | Depths:3 | Received a gift from Okawaru
 58618 | Depths:3 | Received a gift from Okawaru
 58666 | Depths:3 | Received a gift from Okawaru
 58725 | Depths:3 | Noticed a golden dragon
 58740 | Depths:3 | Killed a golden dragon
 58887 | Depths:3 | Noticed an ancient lich
 58913 | Depths:3 | Killed an ancient lich
 58997 | Depths:3 | Reached XP level 23. HP: 192/234 MP: 36/36
 59323 | Depths:3 | Identified the +6 sling "Iwkiamau" {antimagic, Contam rF+
                  | Int+4}
 59377 | Depths:3 | Noticed a caustic shrike
 59380 | Depths:3 | Killed a caustic shrike
 59471 | Depths:3 | Received a gift from Okawaru
 59650 | Depths:4 | Entered Level 4 of the Depths
 59665 | Depths:4 | Noticed a caustic shrike
 59666 | Depths:4 | Found a broken altar of Ashenzari.
 59666 | Depths:4 | Noticed a caustic shrike
 59666 | Depths:4 | Noticed a caustic shrike
 59666 | Depths:4 | Noticed a caustic shrike
 59669 | Depths:4 | Killed a caustic shrike
 59673 | Depths:4 | Killed a caustic shrike
 59676 | Depths:4 | Killed a caustic shrike
 59678 | Depths:4 | Killed a caustic shrike
 59715 | Depths:4 | Found a white marble altar of Elyvilon.
 59715 | Depths:4 | Found an opulent altar of Gozag.
 59717 | Depths:4 | Found a hide-covered altar of Uskayaw.
 59717 | Depths:4 | Found a hazy altar of Hepliaklqana.
 59717 | Depths:4 | Found a shimmering altar of Xom.
 59772 | Depths:4 | Noticed a caustic shrike
 59772 | Depths:4 | Noticed a caustic shrike
 59783 | Depths:4 | Killed a caustic shrike
 59802 | Depths:4 | Noticed a caustic shrike
 59806 | Depths:4 | Killed a caustic shrike
 59808 | Depths:4 | Noticed a caustic shrike
 59819 | Depths:4 | Killed a caustic shrike
 59821 | Depths:4 | Killed a caustic shrike
 60114 | Depths:4 | Noticed a juggernaut
 60126 | Depths:4 | Killed a juggernaut
 60218 | Depths:4 | Received a gift from Okawaru
 60221 | Depths:4 | Found an iron altar of Okawaru.
 60531 | Depths:4 | Found a gate to the Realm of Zot.
 61529 | Snake:3  | Bought the +8 trishula "Condemnation" {holy, anguish,
                  | *Noise Fly rN+} for 1544 gold pieces
 61529 | Snake:3  | Found the +8 trishula "Condemnation" {holy, anguish, *Noise
                  | Fly rN+}
 61905 | Depths:1 | Bought a scroll of blinking for 90 gold pieces
 62683 | Crypt:1  | Entered Level 1 of the Crypt
 62766 | Vaults:2 | Reached skill level 5 in Polearms
 62863 | Crypt:1  | Noticed Boris
 62870 | Arena    | Entered the Arena
 62873 | Arena    | Killed Boris
 64157 | Crypt:3  | Entered Level 3 of the Crypt
 64166 | Crypt:2  | Identified the +3 morningstar of the Lair of Beasts {drain,
                  | rN+ Stlth+} (Okawaru gifted it to you on level 2 of the
                  | Crypt)
 64166 | Crypt:2  | Received a gift from Okawaru
 64482 | Crypt:3  | Reached XP level 24. HP: 242/242 MP: 36/36
 64669 | Crypt:3  | Found a staircase to the Tomb.
 64726 | Crypt:3  | Reached skill level 15 in Throwing
 65243 | Crypt:3  | Received a gift from Okawaru
 65281 | Crypt:3  | Identified the ring of Teudgh {rF+ rC+ rN+}
 65406 | Crypt:3  | Identified the +8 arbalest "Huonk" {flame, rPois Will-
                  | Str+6 Dex+4}
 65470 | Crypt:3  | Identified the ring of Loaps {Fly rN+ Dex+2}
 65500 | Crypt:3  | Identified the ring of Vefocwol {*Slow rN+ Str+2 Int+3}
 65521 | Crypt:3  | Noticed Boris
 65532 | Crypt:3  | Killed Boris
 65592 | Crypt:3  | Noticed Jory
 65617 | Crypt:3  | Killed Jory
 65617 | Crypt:3  | Identified the +2 ring mail of Resonance {Str+3} (Okawaru
                  | gifted it to you on level 3 of the Crypt)
 65617 | Crypt:3  | Received a gift from Okawaru
 66075 | Crypt:3  | Identified the +9 mace of Truth {venom, rF+ Dex+6 SInv}
 66325 | Depths:2 | Bought a manual of Evocations for 1200 gold pieces
 66530 | Vaults:5 | Entered Level 5 of the Vaults
 66571 | Arena    | Entered the Arena
 66641 | Vaults:5 | Reached skill level 5 in Evocations
 66743 | Vaults:5 | Identified the +0 arbalest "Eqopp" {freeze, rElec rC++ rN+
                  | Will-}
 67080 | Vaults:5 | Identified the +4 whip of Pebledes {heavy, Fragile rElec
                  | rF+}
 67169 | Vaults:5 | Identified the +0 kite shield "Myzare" {rN+ rCorr Dex+2}
                  | (Okawaru gifted it to you on level 5 of the Vaults)
 67169 | Vaults:5 | Received a gift from Okawaru
 67250 | Vaults:5 | Identified the +10 short sword of Exceptional Absolution
                  | {freeze, Will+ MP+9 Str+3 Dex+3}
 67309 | Vaults:5 | Identified the staff of earth "Demidogyf" {Contam rPois
                  | rCorr}
 67404 | Vaults:5 | Identified the ring "Noufraxo" {rPois Will+ Int+4 Dex-5
                  | SInv}
 67430 | Vaults:5 | Acquired 1161 gold pieces
 67434 | Vaults:5 | Identified the +4 plate armour of the Furies {rN+ Str-4
                  | Slay+2}
 67618 | Vaults:5 | Got a silver rune of Zot
 67726 | Vaults:5 | Noticed Saint Roka
 67745 | Vaults:5 | Identified the +0 chain mail of the Untouchables {Int+2}
 67752 | Vaults:5 | Killed Saint Roka
 67979 | Vaults:5 | Reached XP level 25. HP: 145/249 MP: 36/36
 68723 | Depths:2 | Bought a manual of Invocations for 1200 gold pieces
 68809 | Zot:1    | Entered Level 1 of the Realm of Zot
 68814 | Arena    | Entered the Arena
 68834 | Zot:1    | Reached skill level 10 in Evocations
 68888 | Zot:1    | Identified the scarf of Ezibodwy {shadows, rElec} (Okawaru
                  | gifted it to you on level 1 of the Realm of Zot)
 68888 | Zot:1    | Received a gift from Okawaru
 69078 | Zot:1    | Found a transporter.
 69080 | Zot:1    | Found a transporter.
 69080 | Zot:1    | Noticed Cyqimiab's ghost (legendary MfGl)
 69094 | Zot:1    | Noticed a dread lich
 69139 | Zot:1    | Noticed an ancient lich
 69229 | Arena    | Entered the Arena
 70306 | Zot:3    | Reached skill level 27 in Fighting
 70515 | Zot:3    | Received a gift from Okawaru
 70652 | Zot:3    | You fall into a shaft and drop 1 floor!
 71063 | Zot:2    | Noticed a shard shrike
 71067 | Zot:2    | Killed a shard shrike
 71079 | Zot:2    | Received a gift from Okawaru
 71206 | Zot:2    | Identified the +3 war axe of Tutoupt {venom, Str-4 Int+6}
                  | (Okawaru gifted it to you on level 2 of the Realm of Zot)
 71206 | Zot:2    | Received a gift from Okawaru
 71258 | Arena    | Entered the Arena
 71391 | Zot:2    | Identified the -1 hat "Jopuyts" {rElec Regen+ Str-5}
 71668 | Zot:4    | Reached XP level 26. HP: 266/266 MP: 37/37
 71987 | Zot:5    | Entered Level 5 of the Realm of Zot
 72252 | Depths:1 | Bought a wand of digging (8) for 403 gold pieces
 72797 | Zot:5    | Received a gift from Okawaru
 72954 | Zot:5    | Noticed an orb of fire
 72959 | Zot:5    | Noticed an orb of fire
 72965 | Zot:5    | Noticed an orb of fire
 72965 | Zot:5    | Noticed an orb of fire
 72968 | Zot:5    | Killed an orb of fire
 72968 | Zot:5    | Killed an orb of fire
 72972 | Zot:5    | Received a gift from Okawaru
 72974 | Zot:5    | Killed an orb of fire
 72981 | Zot:5    | Killed an orb of fire
 73001 | Zot:5    | Noticed an orb of fire
 73010 | Zot:5    | Received a gift from Okawaru
 73014 | Zot:5    | Killed an orb of fire
 73015 | Zot:5    | Reached skill level 27 in Shields
 73022 | Zot:5    | Noticed a dread lich
 73028 | Zot:5    | Killed a dread lich
 73232 | Zot:5    | Received a gift from Okawaru
 73259 | Zot:5    | Noticed an ancient lich
 73664 | Zot:5    | Killed an ancient lich
 73664 | Zot:5    | Received a gift from Okawaru
 73705 | Zot:5    | Identified the +1 shortbow "Alatsuss" {elec, Will+}
 73857 | Zot:5    | Got the Orb of Zot
 74023 | Depths:2 | Noticed Ynueh the pandemonium lord
 74088 | D:15     | Noticed Jitothui the pandemonium lord
 74090 | Arena    | Entered the Arena
 74097 | Arena    | Killed Jitothui the pandemonium lord
 74341 | D:$      | Escaped with the Orb!

Illustrated notes

Levels and vault maps discovered:
D:1:      dpeg_arrival_boxorama, layout_loops_ring, dreamdust_wishing_well,
          minmay_misc_feat_columns
D:2:      layout_basic
D:3:      layout_basic, gammafunk_ghost_grave, lightli_corner_chamber,
          uniq_natasha, uniq_robin
D:4:      layout_basic, minmay_temple_entry_stoned_glass
D:5:      layout_cave_pools, mainiacjoe_overflow_concentric_impassable,
          kennysheep_mini, amcnicky_mini_rare_corridor_liquid
D:6:      layout_loops_ring, uniq_grinder
D:7:      layout_loops_corners, gammafunk_ghost_berserking_beasts, sigmund_army
D:8:      statuecave_lemuel, layout_cave_pods, hellmonk_lair_entry_icy,
          uniq_maggie
D:9:      layout_stronghold, nicolae_hepliaklqana_monster_ancestors,
          uniq_erolcha
D:10:     layout_irregular_city, ashenzari_conservatory_becter, serial_demonic,
          serial_demonic_b, serial_demonic_f, serial_demonic_f, serial_demonic_c
D:11:     layout_gridville, kennysheep_orc_monster_closet_entryway, uniq_harold,
          uniq_amaemon
D:12:     kennysheep_spiral_hall, layout_rooms, nicolae_uskayaw_en_pointe
D:13:     layout_loops_corners
D:14:     layout_basic, david_vaults_2, nicolae_qazlal_general_emergency,
          nicolae_ru_sacrificial_ziggurat
D:15:     hangedman_depths_entry_try_elsewhere_first, layout_irregular_city,
          moated_statue, uniq_azrael
Temple:   nicolae_temple_bog_church
Lair:1:   layout_hall_layers, grunt_megastairs_5
Lair:2:   layout_layer_cave, minmay_shoals_entry_beasts,
          nicolae_volcano_entry_hallway, portal_ice_cave_entry_imps,
          basic_altar, beast_lair_carwin_2, grunt_megastairs_2,
          lemuel_fruit_tree, uniq_urug
Lair:3:   layout_cave_shapes, minmay_snake_entry_six_corridors,
          grunt_megastairs_4
Lair:4:   beast_lair_carwin_large_1, layout_cave_pods, minivault_26
Lair:5:   wormcave, layout_misc_corridors, minmay_slime_entry_oklob_open,
          uniq_rupert
Shoals:1: layout_shoals, nicolae_shoals_stone_sculpture_thing, uniq_mlioglotl
Shoals:2: layout_shoals, nicolae_shop_overcharged_wands
Shoals:3: layout_shoals, nicolae_shoals_seven_spires, minmay_shop_mass,
          lemuel_oklob_altar
Shoals:4: shoals_end_grunt_ice, layout_shoals, serial_shops,
          nicolae_diamond_shop
Snake:1:  layout_concentric_octagons, serial_shops,
          nicolae_shop_overgrown_old_shop, nicolae_snake_guarding_the_ruins
Snake:2:  layout_chambers, serial_shops, nicolae_shop_crystal
Snake:3:  layout_basic, nicolae_triple_integral, minmay_shoptagon
Snake:4:  johnstein_snake_rune_scales, layout_basic
Orc:1:    layout_caves, basic_altar
Orc:2:    grunt_orc_tribal_feast, layout_diamond_mine
Elf:1:    layout_gridlike, kennysheep_underground_church,
          nicolae_elf_glass_and_crystal_pillar_1, minivault_14,
          hangedman_elven_crosses_minicolossus, grunt_megastairs_3
Elf:2:    elven_hall_of_blades_hangedman_original [nicolae_blade_tridents],
          layout_rooms, uniq_nikola
Elf:3:    minmay_elf_hall_not_hex, layout_loops_corners
Vaults:1: nicolae_vaults_wine_cellar, vaults_mumra_chevron_long,
          nicolae_vaults_meiosis, vaults_room_grunt_arrival_ludios,
          nicolae_vaults_murder_corner, nicolae_vaults_rhombus_6,
          vaults_dpeg_diagonal, nicolae_vaults_two_Ls,
          nicolae_vaults_trapezoid_1, nicolae_vaults_surprise_closet,
          nicolae_vaults_shelves_hall, nicolae_vaults_closet_pinwheel_4,
          layout_vaults_big_room, serial_shops, nicolae_shop_statue_plus,
          uniq_aizul, uniq_zenata
Vaults:2: nicolae_vaults_frosty_reception, vaults_room_fours,
          vaults_room_door_hall, nicolae_vaults_security_offices_3,
          nicolae_vaults_stepped_doors, nicolae_vaults_apartment_2,
          hangedman_vaults_hat, nicolae_vaults_ring_of_whatevers,
          nicolae_vaults_closet_pinwheel_1, minmay_crypt_entry_simple_corners,
          layout_vaults_maze_snakey, serial_shops, shop
Vaults:3: vaults_room_door_ring, grunt_vaults_diagonal, v_misc_25,
          hangedman_vaults_trim, v_misc_12, v_rooms_4,
          nicolae_vaults_holding_cells, nicolae_vaults_tetromino_Z_2,
          grunt_vaults_swirl, vaults_standard_mumra_enter_the_diamond,
          ontoclasm_vaults_chip, nicolae_vaults_trapezoid_lopsided_3,
          layout_vaults_ring
Vaults:4: nicolae_vaults_border_crossing, hangedman_vaults_nodes,
          ontoclasm_vaults_shuriken, st_diamondy, v_rooms_5,
          nicolae_vaults_arrows, hangedman_vaults_slice,
          nicolae_vaults_network_barrier, vaults_room_large_hall,
          vaults_dpeg_hooks, vaults_room_door_ring, v_misc_14,
          nicolae_vaults_rhombus_6, vaults_room_door_ring, layout_vaults_omnibox
Vaults:5: serial_shops, uniq_saint_roka
Crypt:1:  layout_chaotic_city, uniq_boris
Crypt:2:  layout_chaotic_city
Crypt:3:  due_elkab, layout_chaotic_city, nicolae_tomb_entry_rubble_hallway,
          st_stairs_8
Depths:1: minmay_the_grid_triangle_9x9_rhombus_full
          [minmay_the_grid_triangle_9x9_alien,
          minmay_the_grid_triangle_9x9_wacky_v,
          minmay_the_grid_triangle_9x9_semitri,
          minmay_the_grid_triangle_9x9_intruding_spiral,
          minmay_the_grid_triangle_9x9_flanged_cone,
          minmay_the_grid_triangle_9x9_odd_lines,
          minmay_the_grid_triangle_9x9_limited_checkers,
          minmay_the_grid_triangle_9x9_prize_special], layout_long_grid,
          enter_ziggurat_e, serial_shops, nicolae_shop_peninsula,
          gammafunk_ghost_crypt, hangedman_coc_ice_floe, rand_demon_pan_entry_9,
          old_standard_altar, trog_three_pillars_becter
Depths:2: wander_protected_by_tso, layout_basic, hell_entry, minivault_11,
          grunt_pan_entry_in_and_out, abyss_entry, nicolae_shop_vocational,
          infiniplex_staircase_star, uniq_bai_suzhen
Depths:3: hangedman_box_tower, layout_honeycomb, abyss_entry_small_statue_room,
          hell_entry, corexii_corridor_pit
Depths:4: evilmike_zot_entry_round, layout_cross, doesnt_xom_only_xom,
          hell_entry, okawaru_altar_gauntlet_db, uniq_margery
Zot:1:    layout_onion_interference, gammafunk_ghost_mausoleum
Zot:2:    layout_onion_interference, grunt_ministairs_12, hangedman_zot_spectrum
Zot:3:    layout_twisted_circle, hangedman_zot_wheel_spokes
Zot:4:    layout_onion_interference, drop_trap
Zot:5:    layout_basic

Skill      XL: |  1  2  3  4  5  6  7  8  9 10 11 12 13 14 15 16 17 18 19 20 21 22 23 24 25 26 |
---------------+-------------------------------------------------------------------------------+-----
Fighting       | 4 5 6 7 8 10 12 14 15 17 19 20 24 25 27 | 27.0
Armour         | 4 5 6 7 8 9 10 11 13 14 15 17 19 20 21 22 24 25 | 25.0
Polearms       | 3 4 9 |  9.6
Invocations    | 2 3 4 5 8 10 11 12 13 14 15 16 20 22 25 | 25.0
Axes           | 3 8 11 12 14 16 | 16.0
Maces & Flails | 2 7 9 11 12 | 12.7
Shields        | 4 8 10 11 12 13 16 17 19 21 23 25 26 27 | 27.0
Throwing       | 3 5 8 10 12 14 16 | 16.0
Evocations     | 3 9 10 | 10.0

Action                     |  1- 3 |  4- 6 |  7- 9 | 10-12 | 13-15 | 16-18 | 19-21 | 22-24 | 25-27 || total
---------------------------+-------+-------+-------+-------+-------+-------+-------+-------+-------++-------
  Melee: Trident           |   111 |   172 |   168 |       |       |       |       |       |       ||   451
         Headbutt          |     7 |    14 |    52 |   132 |   207 |   324 |   384 |   511 |   187 ||  1818
         Bite              |       |       |    28 |    64 |       |       |       |       |       ||    92
         Flail             |       |       |   149 |   380 |       |       |       |       |       ||   529
         Morningstar       |       |       |       |   156 |   183 |       |       |       |       ||   339
         Broad axe         |       |       |       |       |   643 |   955 |   960 |   842 |   485 ||  3885
         Mace              |       |       |       |       |    21 |    21 |   196 |   160 |       ||   398
         Eveningstar       |       |       |       |       |       |       |     4 |       |       ||     4
         Trishula          |       |       |       |       |       |       |       |   453 |    25 ||   478
  Throw: Stone             |     4 |    17 |    31 |    25 |     3 |       |       |       |       ||    80
         Dart              |       |     5 |    25 |    31 |    26 |     1 |     1 |       |       ||    89
         Javelin           |       |       |       |     9 |     5 |       |    17 |     7 |    22 ||    60
         Boomerang         |       |       |       |       |    19 |    89 |    61 |    80 |   182 ||   431
         Throwing net      |       |       |       |       |       |     1 |       |       |       ||     1
 Invoke: Heroism           |       |       |     9 |    15 |    10 |    20 |     3 |     8 |     3 ||    68
         Finesse           |       |       |       |     3 |     1 |     4 |       |     1 |     2 ||    11
         Duel              |       |       |       |       |     3 |     3 |     5 |     2 |     4 ||    17
  Evoke: Wand              |       |       |       |    10 |     2 |    35 |     4 |     3 |    10 ||    64
         Piece from Xom's  |       |       |       |       |     2 |       |       |       |       ||     2
         Condenser vane    |       |       |       |       |       |       |     3 |       |       ||     3
    Use: Scroll            |     3 |     1 |     9 |     8 |    17 |     7 |     6 |     5 |    15 ||    71
         Potion            |       |     1 |     5 |     7 |     1 |    15 |    10 |     7 |    27 ||    73
   Stab: Distracted        |       |       |       |       |     7 |    13 |    22 |    25 |    21 ||    88
         Held in net/web   |       |       |       |       |       |     1 |       |       |       ||     1
         Invisible         |       |       |       |       |       |       |       |     1 |     3 ||     4
 Armour: Scale mail        |     5 |    78 |   110 |    82 |       |       |       |       |       ||   275
         Chain mail        |    29 |       |       |       |   102 |   160 |     5 |       |       ||   296
         Plate armour      |       |       |       |    33 |   156 |    30 |   235 |   285 |   121 ||   860
         Ring mail         |       |       |       |    17 |       |       |       |       |       ||    17
  Dodge: Dodged            |    26 |    43 |   110 |   119 |   150 |   149 |   133 |   167 |    95 ||   992
         Repelled          |       |       |       |     9 |    13 |    11 |     6 |       |       ||    39
  Block: Buckler           |    10 |    32 |    39 |       |       |       |       |       |       ||    81
         Kite shield       |       |       |    46 |   254 |   288 |       |       |       |       ||   588
         Tower shield      |       |       |       |       |   185 |   623 |   811 |   891 |   401 ||  2911
         Reflection        |       |       |       |       |       |       |    56 |       |       ||    56
